 Dungeon Crawl Stone Soup version 0.29.1-2-gbd0b4ee654 (webtiles) character file.

Game seed: 6317971681619739508

754 xian the Gusty (level 7, -2/57 HPs)
             Began as a Tengu Air Elementalist on Nov 1, 2022.
             Slain by a water moccasin zombie (5 damage)
             ... in an ossuary.
             The game lasted 00:09:39 (4460 turns).

xian the Gusty (Tengu Air Elementalist)             Turns: 4460, Time: 00:09:40

Health: -2/57      AC: 23    Str:  9    XL:     7   Next: 79%
Magic:  8/23       EV:  2    Int: 17    God:
Gold:   189        SH:  0    Dex: 14    Spells: 9/15 levels left

rFire   . . .      SeeInvis .   e - +0 short sword
rCold   . . .      Faith    .   (no shield)
rNeg    . . .      Spirit   .   (body armour currently unavailable)
rPois   +          Reflect  .   (helmet currently unavailable)
rElec   .          Harm     .   (cloak currently unavailable)
rCorr   .          Rampage  .   (gloves currently unavailable)
Will    .....      NoTele   +   (boots unavailable)
Stlth   ++........              (no amulet)
HPRegen 0.19/turn               g - ring of magical power
MPRegen 0.18/turn               x - ring of wizardry

@: tree-form (expiring), on berserk cooldown, slowed, very slow
A: stationary, stasis, torment immunity, boosted hp, (beak), (talons 3), nimble
flight, wild magic 1
a: no special abilities


You were in an ossuary.
You were a tree.
You visited 1 branch of the dungeon, and saw 4 of its levels.
You also visited: Ossuary.

You collected 189 gold pieces.

Inventory:

Hand Weapons
 e - a +0 short sword (weapon)
 u - the +1 shortbow "Behuasch" {vorpal, rPois Str+5}
   (You found it on level 3 of the Dungeon)

   Any ammunition fired from it inflicts extra damage upon your enemies.
   Str:       It affects your strength (+5).
   rPois:     It protects you from poison.
Missiles
 z - a throwing net
Armour
 a - a +0 robe (melded)
Magical Staves
 c - a staff of earth
Jewellery
 g - a ring of magical power (left branch)
 x - a ring of wizardry (right branch)
Wands
 m - a wand of paralysis (4)
 y - a wand of flame (22)
Scrolls
 h - 2 scrolls of magic mapping
 i - a scroll of summoning {unknown}
 j - a scroll of noise {unknown}
 n - 2 scrolls of amnesia
 p - a scroll of teleportation {unknown}
 s - 4 scrolls of identify {unknown}
 v - a scroll of blinking {unknown}
 w - a scroll of butterflies {unknown}
Potions
 d - 2 potions of brilliance {unknown}
 k - 2 potions of heal wounds {unknown}
 l - 2 potions of lignification
 o - a potion of haste {unknown}
 t - a potion of invisibility {unknown}
 A - a potion of ambrosia {unknown}


   Skills:
 + Level 1.1 Fighting
 + Level 0.3 Short Blades
 + Level 3.2 Dodging
 + Level 2.2 Stealth
 + Level 4.6 Spellcasting
 + Level 5.4 Conjurations
 + Level 7.3 Air Magic


You had 9 spell levels left.
You knew the following spells:

 Your Spells              Type           Power      Damage    Failure   Level
a - Shock                 Conj/Air       100%       1d9       1%          1
b - Static Discharge      Conj/Air       33%        3-8/arc   1%          2
c - Swiftness             Air            37%        N/A       1%          3

Your spell library contained the following spells:

 Spells                   Type           Power      Damage    Failure   Level
 Airstrike                Air            18%        2d(3-19)  4%          4


Dungeon Overview and Level Annotations

Branches:
Dungeon (4/15)            Ossuary (1/1)
 Temple: D:4-7

Altars:
Cheibriados

Shops:
D:4 [


Innate Abilities, Weirdness & Mutations

You are a tree.
Your roots penetrate the ground, keeping you stationary.
You cannot be teleported.
You are immune to unholy pain and torment.
Your maximum health is greatly increased.
Your equipment is partially melded.
((You have a beak for a mouth.))
((You have claws for feet.))
Your magical nature lets you fly swiftly and evasively.
Your spells are a little harder to cast, but a little more powerful.


Message History

The mummy is lightly damaged.
The water moccasin zombie bites you but does no damage.
You puncture the mummy!
The mummy is heavily damaged.
Your transformation is almost over.
The water moccasin zombie bites you but does no damage.
The mummy hits you but does no damage.
You puncture the mummy!
The mummy is almost destroyed.
The water moccasin zombie bites you but does no damage.
You puncture the mummy!
You destroy the mummy!
The water moccasin zombie bites you but does no damage.
You closely miss the water moccasin zombie.
You closely miss the water moccasin zombie.
The water moccasin zombie bites you but does no damage.
You hit the water moccasin zombie.
The water moccasin zombie is lightly damaged.
The water moccasin zombie completely misses you.
You puncture the water moccasin zombie!
The water moccasin zombie is moderately damaged.
The water moccasin zombie completely misses you.
You puncture the water moccasin zombie!
The water moccasin zombie is severely damaged.
You are no longer berserk.
You are exhausted.
You feel yourself slow down.
The water moccasin zombie bites you but does no damage.
You hit the water moccasin zombie.
The water moccasin zombie is almost destroyed.
The water moccasin zombie bites you.
* * * LOW HITPOINT WARNING * * *
The water moccasin zombie bites you but does no damage.
You closely miss the water moccasin zombie.
The water moccasin zombie is almost destroyed.
The water moccasin zombie bites you.
* * * LOW HITPOINT WARNING * * *
A killer bee zombie comes into view.
The water moccasin zombie bites you.
You die...

# ≈≈
##
#~~≈
≈~
.#.
.#
~~#Z#
~~~
##'##
#...#
#.∩Z#
#.♣∩#
#####


You could see a water moccasin zombie and a killer bee zombie (wandering).

Vanquished Creatures
  A wyvern zombie (Ossuary)
  A water moccasin zombie (Ossuary)
  3 centaur zombies (Ossuary)
  3 bullfrog zombies (Ossuary)
  A hound (D:4)
  An orc priest (D:3)
  An iguana (D:4)
  Terence (D:3)
  2 orc wizards (D:4)
  A killer bee zombie (Ossuary)
  7 mummies (Ossuary)
  A howler monkey zombie (Ossuary)
  An adder (D:2)
  A worm (D:2)
  3 dart slugs
  14 orcs
  6 bats
  6 endoplasms
  4 giant cockroaches (D:1)
  10 goblins
  7 hobgoblins
  7 jackals (D:2)
  9 kobolds
  2 quokkas (D:1)
  3 ball pythons
  3 frilled lizards
  3 rats
102 creatures vanquished.

Vanquished Creatures (others)
  3 withered plants (Ossuary)
3 creatures vanquished.

Grand Total: 105 creatures vanquished

Notes
Turn   | Place    | Note
-------+----------+-------------------------------------------
     0 | D:1      | xian the Tengu Air Elementalist began the quest for the
                  | Orb.
     0 | D:1      | Reached XP level 1. HP: 10/10 MP: 4/4
   158 | D:1      | Reached XP level 2. HP: 15/15 MP: 0/6
   161 | D:1      | Learned a level 2 spell: Static Discharge
   704 | D:1      | Reached XP level 3. HP: 19/19 MP: 6/7
  1002 | D:1      | Reached skill level 5 in Air Magic
  1501 | D:2      | Found a faded altar of an unknown god.
  2094 | D:2      | Reached XP level 4. HP: 24/24 MP: 8/8
  2536 | D:3      | Identified the +1 shortbow "Behuasch" {vorpal, rPois Str+5}
  2744 | D:3      | Gained mutation: Your magical nature lets you fly swiftly
                  | and evasively. [Tengu growth]
  2744 | D:3      | Reached XP level 5. HP: 28/28 MP: 10/10
  3006 | D:3      | Learned a level 3 spell: Swiftness
  3011 | D:3      | Noticed Terence
  3017 | D:3      | Killed Terence
  3889 | D:4      | Reached XP level 6. HP: 20/32 MP: 12/12
  3895 | D:4      | Found Uche's Armour Shop.
  4045 | D:4      | Reached skill level 6 in Air Magic
  4057 | D:4      | Found a snail-covered altar of Cheibriados.
  4104 | D:4      | Found a sand-covered staircase.
  4109 | Ossuary  | Entered an ossuary
  4177 | Ossuary  | Reached skill level 1 in Fighting
  4254 | Ossuary  | Reached XP level 7. HP: 3/38 MP: 6/14
  4420 | Ossuary  | Reached skill level 5 in Conjurations
  4420 | Ossuary  | Reached skill level 7 in Air Magic
  4433 | Ossuary  | HP: 1/57 [mummy (5)]
  4441 | Ossuary  | Gained mutation: Your spells are a little harder to cast,
                  | but a little more powerful. [potion of mutation]
  4444 | Ossuary  | HP: 4/85 [bullfrog zombie (3)]
  4460 | Ossuary  | Slain by a water moccasin zombie

Illustrated notes

Levels and vault maps discovered:
D:1:      dpeg_arrival_arbitrary_c, layout_basic
D:2:      layout_loops_cross, hellmonk_ecumenical_altar_lost_god,
          roderic_cross_of_infinity
D:3:      layout_basic, uniq_terence
D:4:      layout_rooms, cheibriados_altar_1, enter_ossuary_5, serial_shops,
          nicolae_lakefront_shop
Ossuary:  ossuary_zaba_flooded

Skill      XL: |  1  2  3  4  5  6  7 |
---------------+----------------------+-----
Air Magic      | 5 6 7 |  7.3
Conjurations   | 2 3 4 5 |  5.4
Dodging        | 3 |  3.2
Spellcasting   | 3 4 |  4.6
Fighting       | 1 |  1.1
Short Blades   | |  0.3
Stealth        | |  2.2

Action                   |  1- 3 |  4- 6 |  7- 9 || total
-------------------------+-------+-------+-------++-------
Melee: Short sword       |       |       |    33 ||    33
       Unarmed           |       |       |     3 ||     3
       Punch             |       |       |     1 ||     1
 Cast: Shock             |    95 |   109 |    30 ||   234
       Static Discharge  |       |    16 |    10 ||    26
  Use: Scroll            |       |     2 |       ||     2
       Potion            |       |       |     8 ||     8
Armor: Robe              |     1 |     3 |     3 ||     7
       Skin              |       |       |    39 ||    39
Dodge: Dodged            |     6 |    29 |    16 ||    51
